 Dungeon Crawl Stone Soup version 0.31-a0-986-g5e6e4ef867 (webtiles) character file.

Game seed: 3509994760793740679

106 lunkers the Cudgeller (level 5, -1/46 HPs)
             Began as a Meteoran Fighter on Nov 20, 2023.
             Killed from afar by a hobgoblin (5 damage)
             ... with a puff of flame
             ... on level 4 of the Dungeon.
             The game lasted 00:01:47 (1098 turns).

lunkers the Cudgeller (Meteoran Fighter)            Turns: 1098, Time: 00:01:47

Health: -1/46      AC: 10    Str: 17    XL:     5   Next: 32%
Magic:  6/6        EV: 11    Int: 10    God:
Gold:   129        SH:  5    Dex: 15    Spells: 4/4 levels left

rFire   . . .        a - +0 flail
rCold   + . .        c - +0 buckler
rNeg    . . .        j - +2 ring mail {rC+}
rPois   .            k - +0 helmet
rElec   .            (no cloak)
rCorr   .            g - +0 pair of gloves
SInv    .            (no boots)
Will    .....        (no amulet)
Stlth   +            (no ring)
HPRegen 0.27/turn    (no ring)
MPRegen 0.10/turn

%: no passive effects
@: glowing
A: sense surroundings 1, otherworldly, glowing, explore regen
a: no special abilities


You were on level 4 of the Dungeon.
You visited 1 branch of the dungeon, and saw 4 of its levels.

You collected 129 gold pieces.

Inventory:

Hand Weapons
 a - a +0 flail (weapon)
Armour
 c - a +0 buckler (worn)
 g - a +0 pair of gloves (worn)
 j - a +2 ring mail of cold resistance (worn)
 k - a +0 helmet (worn)
Talismans
 i - a talisman of death
Wands
 l - a wand of iceblast (5)
 m - a wand of digging (6)
Scrolls
 b - a scroll of identify {unknown}
 e - a scroll of revelation {unknown}
Potions
 d - 2 potions of might
 f - a potion of lignification {unknown}
 h - 2 potions of resistance {unknown}


   Skills:
 + Level 3.9 Fighting
 * Level 4.6 Maces & Flails
 + Level 3.9 Armour
 + Level 1.9 Dodging
 - Level 3.2 Shields


You had 4 spell levels left.
You didn't know any spells.
Your spell library contained the following spells:

 Spells                   Type           Power      Damage    Failure   Level
 Necrotise                Necr           0%         1d4       65%         1
 Slow                     Hex            0%         N/A       65%         1
 Confusing Touch          Hex            0%         N/A       95%         3
 Sigil of Binding         Hex            0%         N/A       95%         3
 Vampiric Draining        Necr           0%         2d6       95%         3
 Agony                    Necr           0%         N/A       100%        5


Dungeon Overview and Level Annotations

Branches:
Dungeon (4/15) Zot: 1266
 Temple: D:4-7

Altars:
Elyvilon
Sif Muna
Vehumet


Innate Abilities, Weirdness & Mutations

You passively map a small area around you.
You are easily found by Zot.
You glow in the dark.
You regain HP and MP as you explore.


Message History

The adder bites you.
The gnoll hits you from afar with a +0 halberd!
* * * LOW HITPOINT WARNING * * *
You block the adder's attack.
You sock the adder!
You kill the adder!
The gnoll hits you from afar with a +0 halberd.
* * * LOW HITPOINT WARNING * * *
The hobgoblin zaps a wand.
The puff of flame hits you.
* * * LOW HITPOINT WARNING * * *
The gnoll closely misses you. The gnoll closely misses you.
Things that are here:
a +0 flail; a gnoll corpse You hit the gnoll.
The gnoll is moderately wounded.
The hobgoblin hits you but does no damage.
The gnoll completely misses you.
Unknown command.
You closely miss the gnoll.
The gnoll is moderately wounded.
The hobgoblin hits you.
* * * LOW HITPOINT WARNING * * *
You hit the gnoll.
The gnoll is lightly wounded.
You block the hobgoblin's attack.
The gnoll hits you from afar with a +0 halberd.
* * * LOW HITPOINT WARNING * * *
You hit the gnoll.
The gnoll is moderately wounded.
The gnoll hits you but does no damage. You block the hobgoblin's attack.
The gnoll hits you from afar with a +0 halberd!
* * * LOW HITPOINT WARNING * * *
The hobgoblin hits you but does no damage.
The gnoll closely misses you.
You hit the gnoll.
The gnoll is heavily wounded.
The gnoll closely misses you. The gnoll hits you but does no damage.
The hobgoblin zaps a wand.
The puff of flame hits you.
You die...

### #.####### .# .#
###........ , ,.# .#
#.#.###########.#..#
#...............#..#
#.#.#..............##
#.#.#.########......##*
#.#..<......gg........
,
##.#####....@##........
*
#......'.....gK.>....#.
########.....##........
#.....##....#._.
#.....##........
########......#.
####..... , , ..... ,,
* ... *


You could see 2 gnolls, a hobgoblin and a kobold.

Vanquished Creatures
  An iguana (D:4)
  A gnoll (D:4)
  3 adders
  A worm (D:2)
  A dart slug (D:1)
  An orc (D:3)
  5 bats
  6 endoplasms
  2 goblins (D:2)
  3 hobgoblins
  A quokka (D:1)
  4 ball pythons
  4 frilled lizards
  4 kobolds
  4 rats
41 creatures vanquished.

Notes
Turn   | Place    | Note
-------+----------+-------------------------------------------
     0 | D:1      | lunkers the Meteoran Fighter began the quest for the Orb.
     0 | D:1      | Reached XP level 1. HP: 19/19 MP: 2/2
   104 | D:1      | Reached skill level 3 in Maces & Flails
   104 | D:1      | Reached XP level 2. HP: 16/26 MP: 3/3
   399 | D:1      | Reached XP level 3. HP: 29/31 MP: 4/4
   427 | D:2      | Reached skill level 1 in Dodging
   486 | D:2      | Reached XP level 4. HP: 37/40 MP: 5/5
   516 | D:2      | Reached skill level 4 in Maces & Flails
   599 | D:3      | Found a white marble altar of Elyvilon.
   748 | D:3      | Found a shimmering blue altar of Sif Muna.
  1071 | D:4      | Found a radiant altar of Vehumet.
  1082 | D:4      | Reached XP level 5. HP: 41/46 MP: 6/6
  1098 | D:4      | Killed from afar by a hobgoblin

Illustrated notes

Levels and vault maps discovered:
D:1:      evilmike_arrival_rings, layout_basic, grunt_decor_arrowhead
D:2:      minmay_roachtagon, layout_rooms
D:3:      layout_loops_ring, lemuel_tele_altar, nicolae_overflow_crystal_walls
D:4:      minmay_razor_zed, layout_basic,
          grunt_temple_overflow_champion_of_chaos, vehumet_altar_wand_db,
          gup_sewer_entry_bowl

Skill      XL: |  1  2  3  4 |
---------------+-------------+-----
Maces & Flails | 3 4 |  4.6
Dodging        | 1 |  1.9
Fighting       | |  3.9
Armour         | |  3.9
Shields        | |  3.2

Action                     |  1- 3 |  4- 6 || total
---------------------------+-------+-------++-------
  Melee: Flail             |    87 |    48 ||   135
    Use: Scroll            |     1 |       ||     1
 Armour: Scale mail        |    69 |       ||    69
         Ring mail         |     4 |    36 ||    40
  Dodge: Dodged            |    48 |    30 ||    78
  Block: Buckler           |    26 |    13 ||    39

Table legend: (Time is in decaauts)
 A = Elapsed time spent in this place.
 B = Non-inter-level travel time spent in this place.
 C = Inter-level travel time spent in this place.
 D = Time resting spent in this place.
 E = Time spent auto-exploring this place.
 F = Levels seen in this place.
 G = Mean time per level.
                   A        B        C        D        E       F      G
               +--------+--------+--------+--------+--------+-----+--------+
         Total |   1132 |   1132 |      0 |      0 |    747 |   4 |  283.0 |
       Dungeon |   1132 |   1132 |      0 |      0 |    747 |   4 |  283.0 |
               +--------+--------+--------+--------+--------+-----+--------+

Top non-repeatable levels by time:
     D:3: 462 daAuts
     D:1: 424 daAuts
     D:2: 187 daAuts
     D:4: 58 daAuts
